 Dungeon Crawl Stone Soup version 0.28-a0-938-gbc3f381ebc (webtiles) character file.

Game seed: 9913613836260056867

217 Gargoyl the Skirmisher (level 5, -1/47 HPs)
             Began as a Gnoll Abyssal Knight on Nov 28, 2021.
             Was a Follower of Lugonu.
             Slain by a yak (13 damage)
             ... on level 5 of the Dungeon.
             The game lasted 00:04:54 (3600 turns).

Gargoyl the Skirmisher (Gnoll Abyssal Knight)       Turns: 3600, Time: 00:04:54

Health: -1/47      AC: 12    Str: 17 (19) XL:     5   Next: 94%
Magic:  8/8        EV:  7    Int: 13      God:    Lugonu [*.....]
Gold:   204        SH:  6    Dex: 13      Spells: 7/7 levels left

rFire   . . .      SeeInvis .   a - +3 hand axe
rCold   . . .      Faith    .   d - +2 buckler
rNeg    . . .      Spirit   .   g - +0 chain mail
rPois   +          Reflect  .   (no helmet)
rElec   .          Harm     .   (no cloak)
rCorr   .          Rampage  .   (no gloves)
Will    .....      Clarity  +   c - +1 pair of boots
Stlth   ..........              (no amulet)
HPRegen 0.15/turn               p - ring of poison resistance
MPRegen 0.11/turn               m - +6 ring of strength

@: flying
A: fangs 1, strong nose, distributed training, hooves 1, clarity, clever 2
a: Renounce Religion, Depart the Abyss


You were on level 5 of the Dungeon.
You worshipped Lugonu.
Lugonu was aware of your devotion.
You visited 1 branch of the dungeon, and saw 5 of its levels.
You visited the Abyss 1 time.

You collected 204 gold pieces.

Inventory:

Hand Weapons
 a - a +3 hand axe (weapon)
Armour
 c - a +1 pair of boots (worn)
 d - a +2 buckler (worn)
 g - a +0 chain mail (worn)
Jewellery
 m - a +6 ring of strength (right hand)
 p - a ring of poison resistance (left hand)
 q - a +6 ring of intelligence
Wands
 e - a wand of flame (16)
 l - a wand of digging (3)
Scrolls
 h - 2 scrolls of fog
Potions
 b - a potion of invisibility {unknown}
 i - 3 potions of curing


   Skills:
 + Level 6.7 Fighting
 + Level 1.7 Short Blades
 + Level 1.7 Long Blades
 + Level 4.9 Axes
 + Level 1.7 Maces & Flails
 + Level 1.7 Polearms
 + Level 1.7 Staves
 + Level 1.7 Slings
 + Level 1.7 Bows
 + Level 1.7 Crossbows
 + Level 1.7 Throwing
 + Level 4.9 Armour
 + Level 3.1 Dodging
 + Level 1.7 Stealth
 + Level 1.7 Shields
 + Level 1.7 Unarmed Combat
 + Level 1.7 Spellcasting
 + Level 1.3 Conjurations
 + Level 1.3 Hexes
 + Level 1.3 Summonings
 + Level 1.3 Necromancy
 + Level 1.3 Translocations
 + Level 1.3 Transmutations
 + Level 1.3 Fire Magic
 + Level 1.3 Ice Magic
 + Level 1.3 Air Magic
 + Level 1.3 Earth Magic
 + Level 1.3 Poison Magic
 + Level 5.0 Invocations
 + Level 1.7 Evocations


You had 7 spell levels left.
You didn't know any spells.
Your spell library was empty.

Dungeon Overview and Level Annotations

Branches:
Dungeon (5/15)
 Temple: D:4-7

Altars:


Innate Abilities, Weirdness & Mutations

You have very sharp teeth.
Your uncanny sense of smell can sniff out nearby items.
Your experience applies equally to all skills.
You have large cloven feet.
You possess an exceptional clarity of mind.
Your mind is very acute. (Int +4)


Message History

Throw: 5 darts (atropa)
Press: ? - help, Q - select action, (/) - cycle Shift-Dir - straight line, f/p - yak
Aim: a yak (moderately wounded, 71% to hit, chance to blind on hit: 19%)
You throw an atropa-tipped dart. The atropa-tipped dart hits the yak.
The yak resists.
The yak is moderately wounded.
The yak gores you!
Throw: 4 darts (atropa)
Press: ? - help, Q - select action, (/) - cycle Shift-Dir - straight line, f/p - yak
Aim: a yak (moderately wounded, 70% to hit, chance to blind on hit: 19%)
You throw an atropa-tipped dart. The atropa-tipped dart hits the yak.
The yak resists.
The yak is moderately wounded.
The yak gores you but does no damage.
Throw: 3 darts (atropa)
Press: ? - help, Q - select action, (/) - cycle Shift-Dir - straight line, f/p - yak
Aim: a yak (moderately wounded, 70% to hit, chance to blind on hit: 19%)
You throw an atropa-tipped dart.
The atropa-tipped dart barely misses the yak.
The atropa-tipped dart closely misses the hornet zombie.
The yak gores you but does no damage.
Throw: 2 darts (atropa)
Press: ? - help, Q - select action, (/) - cycle Shift-Dir - straight line, f/p - yak
Aim: a yak (moderately wounded, 70% to hit, chance to blind on hit: 3%)
You throw an atropa-tipped dart. The atropa-tipped dart hits the yak.
The yak resists.
The yak is moderately wounded.
You block the yak's attack.
Throw: dart (atropa)
Press: ? - help, Q - select action, (/) - cycle Shift-Dir - straight line, f/p - yak
Aim: a yak (moderately wounded, 70% to hit, chance to blind on hit: 19%)
You throw an atropa-tipped dart. The atropa-tipped dart hits the yak.
The yak resists.
The yak is moderately wounded.
The yak gores you!
* * * LOW HITPOINT WARNING * * *
Okay, then.
As you read the scroll of fog, it crumbles to dust.
The scroll dissolves into smoke.
The yak gores you!
You die...

.. .# .. #.# .#
..##.#####.#
...........# #
#.........## ##.#
#.........^. ...####
#........# ####.......
#<.......# #§§§.......
##.......# #@# ?......
+.......######Y##.......
#........!...§Z§#.......
#...........)...........
#................#......
#.......................
#...............##......
########......(.# ......
..........# .....


You could see a yak and a hornet zombie.

Vanquished Creatures
  Blork the orc (D:4)
  Jessica (D:2)
  Terence (D:2)
  3 adders
  A worm (D:2)
  2 dart slugs
  6 orcs
  6 bats
  5 endoplasms
  3 giant cockroaches
  5 goblins
  9 hobgoblins
  2 kobolds
  2 quokkas
  4 ball pythons
  4 frilled lizards
  2 rats (D:1)
57 creatures vanquished.

Notes
Turn   | Place    | Note
-------+----------+-------------------------------------------
     0 | Abyss:1  | Gargoyl the Gnoll Abyssal Knight began the quest for the
                  | Orb.
     0 | Abyss:1  | Reached XP level 1. HP: 23/23 MP: 3/3
     0 | Abyss:1  | Found a corrupted altar of Lugonu.
   103 | Abyss:2  | Found a corrupted altar of Lugonu.
   150 | Abyss:2  | Noticed a quasit
   150 | Abyss:2  | Noticed a ynoxinul
   151 | D:1      | Escaped the Abyss
   282 | D:1      | Reached XP level 2. HP: 29/29 MP: 5/5
   507 | D:1      | Reached * piety under Lugonu
  1110 | D:2      | Reached XP level 3. HP: 16/35 MP: 6/6
  1289 | D:2      | Noticed Terence
  1315 | D:2      | Killed Terence
  1316 | D:2      | Reached skill level 1 in Short Blades
  1316 | D:2      | Reached skill level 1 in Long Blades
  1316 | D:2      | Reached skill level 1 in Maces & Flails
  1316 | D:2      | Reached skill level 1 in Polearms
  1316 | D:2      | Reached skill level 1 in Staves
  1316 | D:2      | Reached skill level 1 in Slings
  1316 | D:2      | Reached skill level 1 in Bows
  1316 | D:2      | Reached skill level 1 in Crossbows
  1316 | D:2      | Reached skill level 1 in Throwing
  1316 | D:2      | Reached skill level 1 in Stealth
  1316 | D:2      | Reached skill level 1 in Shields
  1316 | D:2      | Reached skill level 1 in Unarmed Combat
  1316 | D:2      | Reached skill level 1 in Spellcasting
  1316 | D:2      | Reached skill level 1 in Evocations
  1563 | D:2      | Reached XP level 4. HP: 41/41 MP: 7/7
  1850 | D:2      | Noticed Jessica
  1869 | D:2      | Killed Jessica
  1870 | D:2      | Reached skill level 1 in Conjurations
  1870 | D:2      | Reached skill level 1 in Hexes
  1870 | D:2      | Reached skill level 1 in Summonings
  1870 | D:2      | Reached skill level 1 in Necromancy
  1870 | D:2      | Reached skill level 1 in Translocations
  1870 | D:2      | Reached skill level 1 in Transmutations
  1870 | D:2      | Reached skill level 1 in Fire Magic
  1870 | D:2      | Reached skill level 1 in Ice Magic
  1870 | D:2      | Reached skill level 1 in Air Magic
  1870 | D:2      | Reached skill level 1 in Earth Magic
  1870 | D:2      | Reached skill level 1 in Poison Magic
  2132 | D:3      | Gained mutation: You sometimes lose the ability to read
                  | scrolls when taking damage. [potion of mutation]
  2132 | D:3      | Gained mutation: Your body sometimes deteriorates upon
                  | taking damage. [potion of mutation]
  2132 | D:3      | Gained mutation: Your mind is acute. (Int +2) [potion of
                  | mutation]
  2132 | D:3      | Gained mutation: You possess an exceptional clarity of
                  | mind. [potion of mutation]
  2286 | D:3      | Reached XP level 5. HP: 45/47 MP: 8/8
  2979 | D:4      | Acquired a ring of poison resistance
  3080 | D:4      | Noticed Blork the orc
  3101 | D:4      | Killed Blork the orc
  3101 | D:4      | Reached ** piety under Lugonu
  3102 | D:4      | Reached skill level 5 in Invocations
  3103 | D:4      | Lost mutation: You sometimes lose the ability to read
                  | scrolls when taking damage. [potion of mutation]
  3103 | D:4      | Lost mutation: Your body sometimes deteriorates upon taking
                  | damage. [potion of mutation]
  3103 | D:4      | Gained mutation: Your mind is very acute. (Int +4) [potion
                  | of mutation]
  3103 | D:4      | Gained mutation: You have large cloven feet. [potion of
                  | mutation]
  3553 | D:5      | Entered Level 5 of the Dungeon
  3575 | D:5      | Noticed a yak
  3600 | D:5      | Slain by a yak

Illustrated notes

Levels and vault maps discovered:
D:1:      heliophobic_arrival_henge, layout_basic, feat_on_display
D:2:      layout_basic, grunt_ministairs_8, kennysheep_generic_room_5,
          uniq_terence, uniq_jessica
D:3:      layout_loops_ring, minmay_misc_feat_rows
D:4:      layout_loops_ring, uniq_blork_the_orc
D:5:      layout_basic

Skill      XL: |  1  2  3  4  5 |
---------------+----------------+-----
Short Blades   | 1 |  1.7
Long Blades    | 1 |  1.7
Maces & Flails | 1 |  1.7
Polearms       | 1 |  1.7
Staves         | 1 |  1.7
Slings         | 1 |  1.7
Bows           | 1 |  1.7
Crossbows      | 1 |  1.7
Throwing       | 1 |  1.7
Stealth        | 1 |  1.7
Shields        | 1 |  1.7
Unarmed Combat | 1 |  1.7
Spellcasting   | 1 |  1.7
Evocations     | 1 |  1.7
Conjurations   | 1 |  1.3
Hexes          | 1 |  1.3
Summonings     | 1 |  1.3
Necromancy     | 1 |  1.3
Translocations | 1 |  1.3
Transmutations | 1 |  1.3
Fire Magic     | 1 |  1.3
Ice Magic      | 1 |  1.3
Air Magic      | 1 |  1.3
Earth Magic    | 1 |  1.3
Poison Magic   | 1 |  1.3
Dodging        | 3 |  3.1
Invocations    | 5 |  5.0
Fighting       | |  6.7
Axes           | |  4.9
Armour         | |  4.9

Action                   |  1- 3 |  4- 6 || total
-------------------------+-------+-------++-------
Melee: Hand axe          |    95 |   124 ||   219
       Bite              |     7 |    12 ||    19
Throw: Dart              |       |     6 ||     6
Invok: Depart the Abyss  |     1 |       ||     1
  Use: Scroll            |     6 |    10 ||    16
       Potion            |     1 |     7 ||     8
 Stab: Sleeping          |     1 |       ||     1
Armor: Leather armour    |    27 |       ||    27
       Chain mail        |     5 |    63 ||    68
Dodge: Dodged            |    52 |    38 ||    90
Block: Buckler           |    17 |    29 ||    46

Table legend: (Time is in decaauts)
 A = Elapsed time spent in this place.
 B = Non-inter-level travel time spent in this place.
 C = Inter-level travel time spent in this place.
 D = Time resting spent in this place.
 E = Time spent auto-exploring this place.
 F = Levels seen in this place.
 G = Mean time per level.
                   A        B        C        D        E       F      G
               +--------+--------+--------+--------+--------+-----+--------+
         Total |   3624 |   3444 |    180 |      0 |   2747 |   7 |  517.7 |
       Dungeon |   3473 |   3293 |    180 |      0 |   2659 |   5 |  694.6 |
         Abyss |    150 |    150 |      0 |      0 |     88 |   2 |   75.0 |
               +--------+--------+--------+--------+--------+-----+--------+

Top non-repeatable levels by time:
     D:2: 1069 daAuts
     D:1: 922 daAuts
     D:4: 794 daAuts
     D:3: 639 daAuts
 Abyss:2: 94 daAuts
 Abyss:1: 56 daAuts
     D:5: 47 daAuts
